 Dungeon Crawl Stone Soup version 0.27.1-1-g398f81649c (webtiles) character file.

Game seed: 617589502974676361

6610 Rickety the Unseen (level 10, -4/46 HPs)
             Began as a Spriggan Enchanter on Sept 20, 2021.
             Was a Believer of Dithmenos.
             Killed from afar by a steam dragon (18 damage)
             ... with a ball of steam
             ... on level 9 of the Dungeon.
             The game lasted 00:31:33 (14357 turns).

Rickety the Unseen (Spriggan Enchanter)            Turns: 14357, Time: 00:31:34

Health: -4/46      AC:  4    Str:  4    XL:     10   Next: 71%
Magic:  17/22      EV: 20    Int: 16    God:    Dithmenos [**....]
Gold:   443        SH:  0    Dex: 26    Spells: 12/24 levels left

rFire    . . .     SeeInvis +   a - +2 dagger (venom)
rCold    . . .     Faith    .   (shield restricted)
rNeg     . . .     Spirit   .   D - +0 troll leather armour {Purgy}
rPois    .         Reflect  .   (helmet restricted)
rElec    .         Harm     .   (no cloak)
rCorr    .         Rampage  .   (gloves unavailable)
Will     +....                  (boots unavailable)
Stlth    ++++++++..             (no amulet)
HPRegen  1.15/turn              h - +6 ring of dexterity
MPRegen  0.18/turn              z - ring of wizardry

@: slowed, wreathed by umbra, quick
A: very small, no large weapons, unfitting armour, see invisible, speed 3
a: Renounce Religion, Shadow Step


You were on level 9 of the Dungeon.
You worshipped Dithmenos.
Dithmenos was pleased with you.
You visited 2 branches of the dungeon, and saw 10 of its levels.
You also visited: Sewer.

You collected 673 gold pieces.
You spent 230 gold pieces at shops.

Inventory:

Hand Weapons
 a - a +2 dagger of venom (weapon)
 b - a +1 dagger of holy wrath
 Q - a +1 dagger
Missiles
 o - 10 poisoned darts
 p - 3 datura-tipped darts
 A - 2 atropa-tipped darts
Armour
 D - a +0 troll leather armour (worn) {Purgy}
 P - a +1 robe of willpower
 V - +0 acid dragon scales
Magical Staves
 q - a staff of earth
 t - a staff of fire
Jewellery
 h - a +6 ring of dexterity (left hand)
 u - a +4 ring of protection
 z - a ring of wizardry (right hand)
 I - a +6 ring of intelligence
 T - a ring of magical power
Wands
 J - a wand of iceblast (6)
 M - a wand of flame (8)
 S - a wand of paralysis (11)
Scrolls
 d - 11 scrolls of teleportation {unknown}
 e - 10 scrolls of identify
 g - 2 scrolls of blinking {unknown}
 i - 4 scrolls of noise {unknown}
 j - a scroll of immolation {unknown}
 r - 4 scrolls of amnesia {unknown}
 s - 5 scrolls of enchant armour
 v - a scroll of summoning {unknown}
 x - a scroll of fear {unknown}
 y - a scroll of enchant weapon {unknown}
 C - 7 scrolls of fog
 E - 3 scrolls of magic mapping
 F - 3 scrolls of silence {unknown}
 K - 2 scrolls of acquirement {unknown}
 N - a scroll of torment {unknown}
 O - a scroll of holy word {unknown}
Potions
 c - 4 potions of lignification
 f - a potion of attraction {unknown}
 k - 4 potions of curing
 l - 4 potions of flight
 m - 3 potions of brilliance {unknown}
 n - 5 potions of might
 w - a potion of resistance {unknown}
 B - a potion of haste {unknown}
 G - a potion of ambrosia {unknown}
 H - a potion of magic {unknown}
 L - a potion of mutation {unknown}
 R - a potion of degeneration {unknown}
 U - a potion of cancellation {unknown}


   Skills:
 + Level 1.8 Fighting
 + Level 5.0 Short Blades
 - Level 2.0 Throwing
 + Level 2.1 Armour
 + Level 4.8 Dodging
 * Level 15.7 Stealth
 + Level 7.5 Spellcasting
 + Level 0.1 Conjurations
 + Level 8.2 Hexes
 - Level 1.0 Ice Magic
 * Level 1.9 Invocations
 * Level 6.7 Evocations


You had 12 spell levels left.
You knew the following spells:

 Your Spells              Type           Power      Damage    Failure   Level
a - Corona                Hex            35%        N/A       1%          1
b - Ensorcelled Hibernat  Hex/Ice        40%        N/A       1%          2
c - Confusing Touch       Hex            32%        N/A       1%          3
d - Dazzling Flash        Conj/Hex       38%        N/A       4%          3
t - Tukima's Dance        Hex            32%        N/A       1%          3

Your spell library contained the following spells:

 Spells                   Type           Power      Damage    Failure   Level
 Slow                     Hex            32%        N/A       1%          2
 Animate Skeleton         Necr           12%        N/A       9%          1
 Apportation              Tloc           12%        N/A       9%          1
 Shock                    Conj/Air       24%        1d4       9%          1
 Summon Small Mammal      Summ           24%        N/A       9%          1
 Stone Arrow              Conj/Erth      12%        3d7       24%         3
 Vampiric Draining        Necr           3%         2d6       24%         3
 Hailstorm                Conj/Ice       7%         3d4       52%         4
 Ice Form                 Ice/Tmut       7%         N/A       52%         4
 Animate Armour           Summ/Erth      12%        N/A       58%         4
 Summon Lightning Spire   Summ/Air       6%         N/A       58%         4
 Freezing Cloud           Conj/Ice/Air   3%         6-21      86%         5
 Simulacrum               Ice/Necr       3%         N/A       100%        6
 Storm Form               Tmut/Air       3%         N/A       100%        7
 Lehudib's Crystal Spear  Conj/Erth      3%         10d2      100%        8
 Maxwell's Capacitive Co  Air            3%         ∞         100%        8
 Fire Storm               Conj/Fire      3%         8d1       100%        9


Dungeon Overview and Level Annotations

Branches:
Dungeon (9/15)             Temple (1/1) D:6           Sewer (visited)
   Lair: D:8-11         Orc: D:9-12

Altars:
Ashenzari
Cheibriados
Dithmenos
Elyvilon
Fedhas
Gozag
Hepliaklqana
Kikubaaqudgha
Makhleb
Nemelex Xobeh
Okawaru
Qazlal
Ru
Sif Muna
Trog
Uskayaw
Vehumet
Wu Jian
Xom
Yredelemnul
Zin
The Shining One

Shops:
D:4 (   D:5 ?   D:6 (

Annotations:
D:8 2 transporters, Ekaitz's ghost, novice DsFE


Innate Abilities, Weirdness & Mutations

You are very small and have problems with some larger weapons.
You are too small for most types of armour.
You have supernaturally acute eyesight. (SInv)
You cover ground extremely quickly. (Speed+++)


Message History

The bullfrog hits you. x2
You hit the bullfrog.
The bullfrog is poisoned.
The bullfrog is moderately wounded.
The bullfrog hits you.
You closely miss the bullfrog.
The bullfrog is moderately wounded.
The bullfrog misses you. x2
You hit the bullfrog.
The bullfrog looks as sick as possible!
The bullfrog is heavily wounded.
The bullfrog closely misses you. x2
You hit the bullfrog.
The bullfrog looks as sick as possible!
The bullfrog is severely wounded.
The bullfrog hits you.
You hit the bullfrog.
You kill the bullfrog!
Dithmenos accepts your kill. The steam dragon bites you.
The steam dragon closely misses you. The orc closely misses you.
Casting: Tukima's Dance (safe; 1% risk of failure)
Confirm with . or Enter, or press ? or * to list all spells.
Aiming: Ensorcelled Hibernation (safe; 1% risk of failure)
Press: ? - help, Shift-Dir - straight line, f - steam dragon
Aim: a steam dragon (umbra, chance to affect: 50%)
The steam dragon resists with some effort.
The steam dragon completely misses you. The steam dragon barely misses you.
The orc barely misses you.
Casting: Ensorcelled Hibernation (safe; 1% risk of failure)
Confirm with . or Enter, or press ? or * to list all spells.
Aiming: Ensorcelled Hibernation (safe; 1% risk of failure)
Press: ? - help, Shift-Dir - straight line, f/p - steam dragon
Aim: a steam dragon (umbra, chance to affect: 50%)
The steam dragon resists with some effort.
The steam dragon completely misses you. x2; The orc hits you with a +0 mace.
The steam dragon breathes steam at you. The ball of steam hits you!!
* * * LOW HITPOINT WARNING * * *
The orc closely misses you. The steam dragon breathes steam at you.
The ball of steam hits you!!
You die...

.## ## #######
#.....###### ###
..###......### #..
.###...#. .##
##.......### #..
#...#.... ##
#...#.....##
#..###........ #
#.######...## #...
......o ### ###.@##
#.## ......
##.§####o.###......
##.§#.D#..#.##....
#...D##†..........
##.#.#............
##..).###........
###..##.........
##......##....
##...../.##..


There were no monsters in sight!

Vanquished Creatures
  A two-headed ogre (D:8)
  A guardian serpent (shapeshifter) (D:8)
  A slime creature (D:8)
  A shadow (D:9)
  7 yaks (D:6)
  A vampire mosquito (D:6)
  An acid dragon (D:9)
  Edmund (D:6)
  A water moccasin (D:8)
  A black bear (D:6)
  Purgy (Sewer)
  3 sky beasts
  A hornet zombie (D:8)
  2 orc warriors
  A necrophage (D:4)
  3 ogres
  3 centaurs
  A phantom (D:5)
  Blork the orc (D:6)
  5 bullfrogs
  4 scorpions
  A wyvern zombie (D:6)
  A wyvern skeleton (D:5)
  A water moccasin skeleton (D:5)
  5 killer bees (D:4)
  2 wights (D:6)
  2 howler monkeys
  A bullfrog zombie (D:5)
  5 centaur zombies
  A jelly (D:3)
  4 hounds
  A bullfrog skeleton (D:6)
  A gnoll shaman (D:7)
  4 orc priests
  5 iguanas
  12 orc wizards
  A hound skeleton (D:4)
  4 adders
  4 gnolls
  3 river rats (D:5)
  5 white imps
  An ufetubus (D:7)
  An adder skeleton (D:5)
  5 dart slugs
  4 worms
  26 orcs
  15 endoplasms
  8 giant cockroaches
  8 goblins
  5 hobgoblins
  7 jackals
  9 kobolds
  6 quokkas
  7 ball pythons
  6 bats
  6 frilled lizards
  22 rats
240 creatures vanquished.

Vanquished Creatures (collateral kills)
  An orc warrior (D:8)
  3 wights (D:6)
  An orc wizard (D:8)
  A gnoll (D:7)
  5 orcs
11 creatures vanquished.

Vanquished Creatures (others)
  11 dancing weapons
  An orc (D:8)
  3 toadstools (D:3)
15 creatures vanquished.

Grand Total: 266 creatures vanquished

Notes
Turn   | Place    | Note
-------+----------+-------------------------------------------
     0 | D:1      | Rickety the Spriggan Enchanter began the quest for the Orb.
     0 | D:1      | Reached XP level 1. HP: 9/9 MP: 5/5
    80 | D:1      | Found a faded altar of an unknown god.
   616 | D:1      | Reached XP level 2. HP: 9/13 MP: 3/6
   619 | D:1      | Learned a level 2 spell: Ensorcelled Hibernation
   907 | D:1      | Reached skill level 5 in Stealth
  1494 | D:1      | Reached XP level 3. HP: 16/16 MP: 3/8
  1498 | D:1      | Learned a level 3 spell: Confusing Touch
  3354 | D:2      | Reached XP level 4. HP: 18/21 MP: 2/10
  3391 | D:2      | Reached skill level 6 in Stealth
  4009 | D:3      | Learned a level 3 spell: Tukima's Dance
  4271 | D:3      | Reached skill level 7 in Stealth
  4271 | D:3      | Reached XP level 5. HP: 18/25 MP: 6/11
  5260 | D:4      | Noticed a necrophage
  5273 | D:4      | Killed a necrophage
  5274 | D:4      | Reached skill level 8 in Stealth
  5392 | D:4      | Noticed an ogre
  5394 | D:4      | Killed an ogre
  5395 | D:4      | Reached XP level 6. HP: 29/29 MP: 12/12
  5399 | D:4      | Learned a level 3 spell: Dazzling Flash
  5484 | D:4      | Reached skill level 9 in Stealth
  5493 | D:4      | Reached XP level 7. HP: 15/32 MP: 4/13
  6033 | D:4      | Found Gacijuj's Antique Weapon Shop.
  6038 | D:4      | Reached skill level 10 in Stealth
  6038 | D:4      | Reached skill level 1 in Ice Magic
  7006 | D:5      | Entered Level 5 of the Dungeon
  7018 | D:5      | Reached skill level 1 in Fighting
  7424 | D:5      | Found a glowing drain.
  7431 | Sewer    | Entered a sewer
  7542 | Sewer    | Noticed Purgy
  7544 | Sewer    | Killed Purgy
  7545 | Sewer    | Reached skill level 11 in Stealth
  7710 | D:5      | Reached skill level 1 in Evocations
  7731 | D:5      | Found Tuemobbu's Magic Scroll Emporium.
  7740 | D:5      | Bought a scroll of identify for 22 gold pieces
  7740 | D:5      | Bought a scroll of identify for 22 gold pieces
  7740 | D:5      | Bought a scroll of identify for 22 gold pieces
  7740 | D:5      | Bought a scroll of magic mapping for 38 gold pieces
  7740 | D:5      | Bought a scroll of fog for 22 gold pieces
  7740 | D:5      | Bought a scroll of enchant armour for 82 gold pieces
  7740 | D:5      | Bought a scroll of fog for 22 gold pieces
  7842 | D:5      | Reached XP level 8. HP: 37/37 MP: 8/15
  7929 | D:5      | Found an ancient bone altar of Kikubaaqudgha.
  8091 | D:5      | Reached skill level 1 in Throwing
  8330 | D:5      | Found a broken altar of Ashenzari.
  8485 | D:6      | Found a staircase to the Ecumenical Temple.
  8715 | D:6      | Noticed Edmund
  8718 | D:6      | Reached skill level 12 in Stealth
  8894 | D:6      | Reached skill level 5 in Hexes
  8915 | D:6      | Reached skill level 1 in Armour
  8915 | D:6      | Reached skill level 13 in Stealth
  8960 | D:6      | Reached skill level 5 in Spellcasting
  8960 | D:6      | Reached XP level 9. HP: 31/41 MP: 1/17
  9692 | D:6      | Killed Edmund
  9861 | Temple   | Entered the Ecumenical Temple
  9957 | Temple   | Became a worshipper of Dithmenos the Shadowed
 10074 | D:6      | Found Rish's Antique Weapon Boutique.
 10083 | D:6      | Reached skill level 5 in Evocations
 10236 | D:6      | Reached skill level 14 in Stealth
 10580 | D:6      | Noticed Blork the orc
 10591 | D:6      | Killed Blork the orc
 11060 | D:6      | Got the Handbook of Igneous Confrontation
 11891 | D:7      | Reached * piety under Dithmenos
 12019 | D:7      | Reached XP level 10. HP: 24/46 MP: 14/20
 12855 | D:7      | Found a bloodstained altar of Trog.
 12858 | D:7      | Found a white marble altar of Elyvilon.
 12861 | D:7      | Found a sacrificial altar of Ru.
 12864 | D:7      | Found a snail-covered altar of Cheibriados.
 13266 | D:8      | Noticed a two-headed ogre
 13269 | D:8      | Killed a two-headed ogre
 13270 | D:8      | Reached skill level 15 in Stealth
 13270 | D:8      | Reached skill level 1 in Invocations
 13286 | D:8      | Noticed a guardian serpent
 13294 | D:8      | Killed a guardian serpent
 13978 | D:8      | Identified the +7 dire flail "Jaittimp" {protect, Dex+3}
 13978 | D:8      | Noticed Ekaitz's ghost (novice DsFE)
 13995 | D:8      | Reached ** piety under Dithmenos
 14005 | D:8      | Found a transporter.
 14042 | D:8      | Found a transporter.
 14181 | D:9      | Reached skill level 5 in Short Blades
 14357 | D:9      | Killed from afar by a steam dragon

Illustrated notes

Levels and vault maps discovered:
D:1:      dpeg_arrival_tiny_g, layout_loops_ring,
          chequers_ecumenical_altar_island
D:2:      layout_loops_cross, minmay_rat_hole
D:3:      minmay_recursive_quarters, layout_basic,
          hangedman_abyss_or_decor_lesser_grid, minmay_gold_behind_fungi,
          dk_vineyard_3
D:4:      layout_basic, kennysheep_windowed_goal
D:5:      layout_loops_ring, mainiacjoe_overflow_swirl, serial_shops,
          shop_statue, gup_sewer_entry_bubbles
D:6:      minmay_octagon_keep, layout_basic, minmay_temple_entry_sparse_star,
          serial_shops, shop, uniq_blork_the_orc, uniq_edmund
D:7:      layout_cave_pools, grunt_temple_overflow_cloverleaf,
          grunt_ministairs_13
D:8:      minmay_distorted_concentric_squares, layout_rooms,
          gammafunk_ghost_smash, minivault_10, minmay_misc_feat_cross,
          item_on_display_a
D:9:      layout_layer_cave, uniq_prince_ribbit1
Temple:   nicolae_temple_elliptical

Skill      XL: |  1  2  3  4  5  6  7  8  9 10 |
---------------+-------------------------------+-----
Stealth        | 5 7 8 9 11 13 14 15 | 15.7
Spellcasting   | 3 4 5 6 7 |  7.5
Short Blades   | 2 3 4 5 |  5.0
Dodging        | 3 4 |  4.8
Hexes          | 4 5 6 8 |  8.2
Ice Magic      | 1 |  1.0
Fighting       | 1 |  1.8
Evocations     | 1 4 5 6 |  6.7
Throwing       | 2 |  2.0
Armour         | 1 2 |  2.1
Invocations    | 1 |  1.9
Conjurations   | |  0.1

Action                   |  1- 3 |  4- 6 |  7- 9 | 10-12 || total
-------------------------+-------+-------+-------+-------++-------
Melee: Dagger            |   154 |   109 |   327 |   207 ||   797
 Cast: Corona            |     3 |       |     4 |       ||     7
       Ensorcelled Hiber |    35 |    23 |    82 |    11 ||   151
       Confusing Touch   |     1 |     1 |    24 |    24 ||    50
       Dazzling Flash    |       |     2 |     1 |     8 ||    11
       Tukima's Dance    |       |       |    19 |    15 ||    34
  Use: Scroll            |       |       |     4 |       ||     4
 Stab: Sleeping          |    36 |    37 |    55 |    12 ||   140
       Distracted        |     1 |     2 |     3 |     1 ||     7
       Confused          |     1 |     1 |    21 |    19 ||    42
       Invisible         |       |     2 |       |     6 ||     8
Armor: Robe              |    21 |     4 |    13 |       ||    38
       Troll leather arm |       |       |    30 |    21 ||    51
Dodge: Dodged            |   117 |    82 |   281 |   212 ||   692
